 Dungeon Crawl Stone Soup version 0.27-a0-412-g8dd771eca2 (webtiles) character file.

Game seed: 9747917824077532224

69 Morbidden the Firebug (level 4, 25/31 HPs)
             Began as a Demonspawn Fire Elementalist on Feb 24, 2021.
             Quit the game on level 2 of the Dungeon.
             The game lasted 00:02:02 (3217 turns).

Morbidden the Firebug (DsFE)                        Turns: 3217, Time: 00:02:03

Health: 25/31      AC:  4    Str:  8    XL:     4   Next: 2%
Magic:  4/8        EV: 12    Int: 18    God:
Gold:   46         SH:  0    Dex: 13    Spells: 8/9 levels left

rFire    . . .     SeeInvis .   g - +0 dagger
rCold    . . .     Faith    .   (no shield)
rNeg     . . .     Spirit   .   a - +0 robe
rPois    .         Reflect  .   (helmet restricted)
rElec    .         Harm     .   (no cloak)
rCorr    .         Rampage  .   d - +0 pair of gloves
Will     .....                  c - +0 pair of boots
Stlth    ++........             (no amulet)
HPRegen  0.10/turn              (no ring)
MPRegen  0.11/turn              (no ring)

@: very slightly contaminated
A: antennae 1, ignite blood 2
a: no special abilities


You were on level 2 of the Dungeon.
You visited 1 branch of the dungeon, and saw 2 of its levels.

You collected 46 gold pieces.

Inventory:

Hand Weapons
 g - a +0 dagger (weapon)
Missiles
 h - 4 curare-tipped darts
 i - 5 boomerangs (quivered)
Armour
 a - a +0 robe (worn)
 c - a +0 pair of boots (worn)
 d - a +0 pair of gloves (worn)
Scrolls
 e - 3 scrolls of identify {unknown}
 l - a scroll of magic mapping {unknown}
Potions
 b - a potion of magic {unknown}
 f - a potion of lignification {unknown}
 j - a potion of heal wounds {unknown}
 k - a potion of ambrosia {unknown}
 m - a potion of degeneration {unknown}


   Skills:
 * Level 0.8 Fighting
 * Level 1.8 Dodging
 + Level 1.8 Stealth
 * Level 3.0 Spellcasting
 * Level 1.9 Conjurations
 * Level 3.2 Fire Magic


You had 8 spell levels left.
You knew the following spells:

 Your Spells              Type           Power        Failure   Level
a - Foxfire               Conj/Fire      44%          6%          1

Your spell library contained the following spells:

 Spells                   Type           Power        Failure   Level
 Conjure Flame            Conj/Fire      11%          17%         3
 Inner Flame              Hex/Fire       8%           26%         3
 Sticky Flame             Conj/Fire      11%          50%         4
 Fireball                 Conj/Fire      5%           85%         5


Dungeon Overview and Level Annotations

Branches:
Dungeon (2/15)

Altars:


Innate Abilities, Weirdness & Mutations

You have a pair of small antennae on your head.
Your demonic aura often causes spilled blood to erupt in flames


Message History

Magic restored.
An adder comes into view.
The adder hisses angrily.
An adder is nearby!
An adder is nearby!
Casting: Foxfire (safe; 6% risk of failure)
Confirm with . or Enter, or press ? or * to list all spells.
You conjure some foxfire!
The foxfire hits the adder.
The adder is heavily wounded.
The foxfire hits the adder.
The adder is severely wounded.
You miss the adder.
The adder is severely wounded.
The adder closely misses you. The adder misses you.
Casting: Foxfire (safe; 6% risk of failure)
Confirm with . or Enter, or press ? or * to list all spells.
You miscast Foxfire.
You are very lightly contaminated with residual magic.
Nothing appears to happen.
The adder bites you.
Casting: Foxfire (safe; 6% risk of failure)
Confirm with . or Enter, or press ? or * to list all spells.
You conjure some foxfire!
The adder bites you.
The foxfire hits the adder.
You kill the adder!
You have reached level 4!
You feel clever.
Your demonic ancestry asserts itself...
A pair of antennae grows on your head!
Unknown command.
Unknown command.
Unknown command.
What are your orders? t - Shout!
Orders for allies: a - Attack new target. r - Retreat! s - Stop attacking. g - Guard the area. f - Follow me.
Anything else - Cancel.
Okay, then.
Unknown command.
Are you sure you want to abandon this character and quit the game? (Confirm with "yes".)

####### ......#
####..############
##..............#
#....>#########.#
##...## #v# ##.##
#@# #.#
#..§.†....# #.#
#.#?..###.# ##'##
# ..... ##...##
....... ##.....##
.........
#.......##
##.......#.
.........#
#.........#
.........+


There were no monsters in sight!

Vanquished Creatures
  3 adders (D:2)
  2 oozes (D:1)
  3 bats
  7 goblins
  4 hobgoblins (D:1)
  A ball python (D:2)
  4 frilled lizards (D:1)
  6 kobolds
  6 rats
36 creatures vanquished.

Vanquished Creatures (others)
  138 foxfires
138 creatures vanquished.

Grand Total: 174 creatures vanquished

Notes
Turn   | Place    | Note
-------+----------+-------------------------------------------
     0 | D:1      | Morbidden the Demonspawn Fire Elementalist began the quest
                  | for the Orb.
     0 | D:1      | Reached XP level 1. HP: 13/13 MP: 3/3
   556 | D:1      | Gained mutation: Your demonic aura sometimes causes spilled
                  | blood to erupt in flames [demonic ancestry]
   556 | D:1      | Reached XP level 2. HP: 19/19 MP: 1/5
  1200 | D:1      | Gained mutation: Your demonic aura often causes spilled
                  | blood to erupt in flames [demonic ancestry]
  1200 | D:1      | Reached XP level 3. HP: 25/25 MP: 2/6
  2502 | D:2      | HP: 1/25 [poisoned by an adder]
  3217 | D:2      | Gained mutation: You have a pair of small antennae on your
                  | head. [demonic ancestry]
  3217 | D:2      | Reached XP level 4. HP: 25/31 MP: 4/8
  3217 | D:2      | Quit the game

Illustrated notes

Levels and vault maps discovered:
D:1:      amcnicky_arrival_choice, layout_basic
D:2:      minmay_roachtagon, layout_loops_corners

Skill      XL: |  1  2  3 |
---------------+----------+-----
Fire Magic     | 3 |  3.2
Spellcasting   | 3 |  3.0
Fighting       | |  0.8
Dodging        | |  1.8
Stealth        | |  1.8
Conjurations   | |  1.9

Action                   |  1- 3 |  4- 6 || total
-------------------------+-------+-------++-------
Melee: Unarmed           |     9 |       ||     9
       Dagger            |    13 |       ||    13
 Cast: Foxfire           |    94 |       ||    94
Armor: Robe              |    19 |       ||    19
Dodge: Dodged            |    31 |       ||    31

Table legend: (Time is in decaauts)
 A = Elapsed time spent in this place.
 B = Non-inter-level travel time spent in this place.
 C = Inter-level travel time spent in this place.
 D = Time resting spent in this place.
 E = Time spent auto-exploring this place.
 F = Levels seen in this place.
 G = Mean time per level.
                   A        B        C        D        E       F      G
               +--------+--------+--------+--------+--------+-----+--------+
         Total |   3216 |   3148 |     68 |    612 |   2186 |   2 | 1608.0 |
       Dungeon |   3216 |   3148 |     68 |    612 |   2186 |   2 | 1608.0 |
               +--------+--------+--------+--------+--------+-----+--------+

Top non-repeatable levels by time:
     D:1: 1892 daAuts
     D:2: 1323 daAuts
